 Dungeon Crawl Stone Soup version 0.30-a0-140-gd1020e658a (webtiles) character file.

Game seed: 16795947424603132881

568 bande the Covered (level 7, -4/44 HPs)
             Began as a Gargoyle Fighter on Sept 25, 2022.
             Slain by an ogre
             ... wielding a +0 giant spiked club
              (27 damage)
             ... on level 5 of the Dungeon.
             The game lasted 00:06:33 (4940 turns).

bande the Covered (Gargoyle Fighter)                Turns: 4940, Time: 00:06:34

Health: -4/44      AC: 15    Str: 20    XL:     7   Next: 33%
Magic:  7/7        EV:  6    Int:  8    God:
Gold:   200        SH:  8    Dex: 11    Spells: 6/6 levels left

rFire   . . .      SeeInvis .    a - +0 war axe
rCold   . . .      Faith    .    s - +0 kite shield
rNeg    + . .      Spirit   .    j - +0 chain mail
rPois   ∞          Reflect  .    (no helmet)
rElec   +          Harm     .    (no cloak)
rCorr   .          Rampage  .    h - +0 pair of gloves
Will    .....                    (no boots)
Stlth   ..........               (no amulet)
HPRegen 0.14/turn                (no ring)
MPRegen 0.10/turn                (no ring)

@: no status effects
A: sickness immunity, AC +4, negative energy resistance 1, electricity
resistance, torment resistance 1, petrification resistance
a: no special abilities


You were on level 5 of the Dungeon.
You visited 1 branch of the dungeon, and saw 5 of its levels.

You collected 213 gold pieces.
You spent 13 gold pieces at shops.

Inventory:

Hand Weapons
 a - a +0 war axe (weapon)
 q - a +0 flail
Armour
 h - a +0 pair of gloves (worn)
 j - a +0 chain mail (worn)
 s - a +0 kite shield (worn)
Wands
 n - a wand of digging (2)
Scrolls
 f - 4 scrolls of poison
 i - 2 scrolls of teleportation
 p - a scroll of amnesia
Potions
 b - 3 potions of brilliance
 d - a potion of might
 e - 7 potions of curing
 g - a potion of invisibility
 k - a potion of haste
 l - a potion of mutation {unknown}
 m - a potion of magic {unknown}
 o - a potion of attraction {unknown}


   Skills:
 + Level 4.7 Fighting
 + Level 4.9 Axes
 + Level 4.9 Armour
 + Level 3.8 Shields
 * Level 2.1 Evocations


You had 6 spell levels left.
You didn't know any spells.
Your spell library contained the following spells:

 Spells                   Type           Power      Damage    Failure   Level
 Ignite Poison            Fire/Tmut/Pois 0%         N/A       100%        3
 Kindle Blastsparks       Fire/Tloc/Air  0%         2d10      100%        3
 Fulminant Prism          Conj/Hex       0%         3d6       100%        4
 Iskenderun's Mystic Bla  Conj/Tloc      0%         2d3       100%        4
 Sticky Flame             Conj/Fire      0%         2d3       100%        4
 Lee's Rapid Deconstruct  Erth           0%         3d5*      100%        5


Dungeon Overview and Level Annotations

Branches:
Dungeon (5/15)
 Temple: D:4-7

Altars:

Shops:
D:1 *


Innate Abilities, Weirdness & Mutations

You are immune to sickness and miasma.
Your stone body is resilient. (AC +4)
You are immune to poison.
You resist negative energy. (rN+)
You are resistant to electric shocks. (rElec)
You are resistant to unholy torment.
You are immune to petrification.


Message History

You hit the adder but do no damage. The adder bites you but does no damage.
The adder closely misses you.
You miss the adder. The adder bites you. The adder barely misses you.
You hit the adder.
The adder is moderately wounded.
The adder closely misses you. The adder bites you but does no damage.
You closely miss the adder.
The adder is moderately wounded.
The adder bites you but does no damage.
You slash the adder!
You kill the adder!
No target in view!
No target in view!
No target in view!
No target in view!
As you read the scroll labelled LOWAEPR IPPAR, it crumbles to dust.
You hear a loud clanging noise!
It was a scroll of noise.
You hear a shout! x5; You hear an angry hiss.
An ogre comes into view. It is wielding a +0 giant spiked club.
The ogre shouts!
You see here an adder corpse.
An ogre is nearby!
You hit the ogre.
The ogre is lightly wounded.
You block the ogre's attack.
You slash the ogre!
The ogre is moderately wounded.
You block the ogre's attack.
You slash the ogre!
The ogre is severely wounded.
The ogre hits you with a +0 giant spiked club!
You barely miss the ogre.
The ogre is severely wounded.
The ogre hits you with a +0 giant spiked club!
You hit the ogre but do no damage.
The ogre is severely wounded.
The ogre hits you with a +0 giant spiked club!!
Ouch! That really hurt!
You die...

#..#...........
##..#.#.......##
[..............)
#.#<......#
####.##...####
......#...#
.......†..+
##........##.^#
#......@...#
#......O...#
#.....#....#
#.....#....#
#.....#....#
#######....#
#....# ######


You could see an ogre.

Vanquished Creatures
  A black bear (D:4)
  An ogre (D:4)
  A centaur (D:4)
  A scorpion (D:4)
  Ijyb (D:3)
  3 iguanas (D:4)
  3 gnolls (D:4)
  6 adders
  A dart slug (D:1)
  3 orcs (D:3)
  3 bats
  10 endoplasms
  2 giant cockroaches
  6 goblins
  9 hobgoblins
  3 jackals (D:1)
  2 kobolds
  4 quokkas
  7 ball pythons
  3 frilled lizards
  2 rats
72 creatures vanquished.

Notes
Turn   | Place    | Note
-------+----------+-------------------------------------------
     0 | D:1      | bande the Gargoyle Fighter began the quest for the Orb.
     0 | D:1      | Reached XP level 1. HP: 14/14 MP: 1/1
   113 | D:1      | Reached XP level 2. HP: 19/19 MP: 2/2
   538 | D:1      | Found Tuurugah's General Store.
   542 | D:1      | Reached XP level 3. HP: 24/24 MP: 3/3
   547 | D:1      | Bought a potion of degeneration for 13 gold pieces
  1277 | D:2      | Reached XP level 4. HP: 27/29 MP: 4/4
  1849 | D:3      | Noticed Ijyb
  1870 | D:3      | Killed Ijyb
  2016 | D:3      | Found a faded altar of an unknown god.
  2195 | D:3      | Reached XP level 5. HP: 33/33 MP: 5/5
  2676 | D:4      | Reached skill level 1 in Evocations
  3089 | D:4      | Reached XP level 6. HP: 16/39 MP: 6/6
  4037 | D:4      | Reached XP level 7. HP: 38/44 MP: 7/7
  4760 | D:4      | Identified the +6 spear of Disaster {spect, rN+ Will- rCorr
                  | Str+2}
  4922 | D:5      | Entered Level 5 of the Dungeon
  4940 | D:5      | Slain by an ogre

Illustrated notes

Levels and vault maps discovered:
D:1:      dreamdust_arrival_sigmund_warning, layout_basic, serial_shops, shop
D:2:      layout_basic
D:3:      layout_loops_ring, shapermc_ecumenical_altar_mp_vishouse, uniq_ijyb
D:4:      layout_layer_cave
D:5:      layout_basic, mainiacjoe_overflow_two_lobes, minmay_shop_mayhem

Skill      XL: |  1  2  3  4  5  6 |
---------------+-------------------+-----
Axes           | 2 3 4 |  4.9
Fighting       | 4 |  4.7
Armour         | 4 |  4.9
Evocations     | 1 2 |  2.1
Shields        | |  3.8

Action                   |  1- 3 |  4- 6 |  7- 9 || total
-------------------------+-------+-------+-------++-------
Melee: War axe           |    95 |   113 |    27 ||   235
  Use: Scroll            |     2 |     7 |     1 ||    10
Armor: Scale mail        |    27 |       |       ||    27
       Chain mail        |    36 |    66 |    23 ||   125
Dodge: Dodged            |    38 |    42 |    10 ||    90
Block: Buckler           |    18 |    20 |       ||    38
       Kite shield       |       |     2 |    14 ||    16

Table legend: (Time is in decaauts)
 A = Elapsed time spent in this place.
 B = Non-inter-level travel time spent in this place.
 C = Inter-level travel time spent in this place.
 D = Time resting spent in this place.
 E = Time spent auto-exploring this place.
 F = Levels seen in this place.
 G = Mean time per level.
                   A        B        C        D        E       F      G
               +--------+--------+--------+--------+--------+-----+--------+
         Total |   5034 |   4990 |     44 |   1050 |   3014 |   5 | 1006.8 |
       Dungeon |   5034 |   4990 |     44 |   1050 |   3014 |   5 | 1006.8 |
               +--------+--------+--------+--------+--------+-----+--------+

Top non-repeatable levels by time:
     D:4: 2358 daAuts
     D:2: 894 daAuts
     D:3: 893 daAuts
     D:1: 866 daAuts
     D:5: 22 daAuts
